[Event "58th Akiba Rubinstein D 2022"]
[Site "Polanica-Zdroj"]
[Date "2022.08.19"]
[Round "7.5"]
[White "Zerebiec, Maurycy"]
[Black "Mareau, Timothe"]
[Result "1/2-1/2"]
[ECO "A10"]
[WhiteElo "1915"]
[BlackElo "1590"]
[Annotator "NA RC"]
[PlyCount "106"]
[EventDate "2022.08.13"]
[EventCountry "POL"]
[SourceTitle "playchess.com"]
[Source "ChessBase"]
[SourceQuality "1"]
[TimeControl "40/5400+30:1800+30"]

1. c4 b6 2. Nc3 Bb7 3. e4 e6 4. g3 Bc5 5. Nge2 f5 6. Bg2 Nf6 7. O-O (7. d4 $14 Bb4 8. O-O) 7... O-O (7... Nxe4 $11 8. d4 Nxc3 9. Nxc3 (9. bxc3 Bxg2 10. Kxg2 Bd6 $15) 9... Bxg2 10. Kxg2 Bd6) 8. d4 Bb4 9. Bg5 Bxc3 10. Nxc3 ({Don't play} 10. bxc3 $6 Bxe4 11. Bxe4 fxe4 $11) 10... Qc8 11. exf5 Bxg2 12. Kxg2 exf5 13. Bxf6 Rxf6 14. Nd5 Rf7 15. Re1 Nc6 16. b4 Qb7 17. Qf3 Kh8 18. Nf4 Raf8 19. b5 Na5 20. Qxb7 Nxb7 21. h4 g6 22. Rac1 d6 23. Kf3 Ra8 24. Re3 a6 25. Ra3 (25. h5 $18) 25... a5 (25... Na5 $16 26. Re3 Kg7) 26. Re3 a4 27. Rcc3 Na5 28. Nd5 Rb8 29. Nb4 (29. Re6 $18) 29... Kg7 30. Re6 Rd7 31. Nc6 ({White should play} 31. Nd5 $16) 31... Nxc6 32. bxc6 Rf7 33. Ra3 Ra8 34. Re2 Ra5 35. Rb2 ({White should play} 35. Re8 $16) 35... Rf8 36. Rb4 Rfa8 37. Ke2 Kf6 (37... d5 $1 $11 {remains equal.}) 38. Kd2 d5 $1 39. cxd5 Ke7 40. Re3+ $1 Kd6 {[%emt 0:00:35] [#]} 41. Re6+ $1 Kxd5 42. Re7 $16 Rc8 43. Rxh7 Kxc6 44. Rc4+ Kd5 45. Rcxc7 Rxc7 46. Rxc7 Kxd4 47. Rc6 Rb5 48. f3 Rb2+ 49. Rc2 Rb1 50. Rc1 Rb2+ 51. Rc2 Rb1 52. Rc1 Rb2+ 53. Rc2 Ke5 1/2-1/2

[Event "58th Akiba Rubinstein D 2022"]
[Site "Polanica-Zdroj"]
[Date "2022.08.19"]
[Round "7.6"]
[White "Wilgosz, Jan"]
[Black "Gbiorczyk, Mikolaj"]
[Result "1-0"]
[ECO "B06"]
[WhiteElo "1597"]
[BlackElo "1781"]
[Annotator "NA RC"]
[PlyCount "112"]
[EventDate "2022.08.13"]
[EventCountry "POL"]
[SourceTitle "playchess.com"]
[Source "ChessBase"]
[SourceQuality "1"]
[TimeControl "40/5400+30:1800+30"]

1. e4 d6 2. d4 g6 3. Nc3 Bg7 4. f4 a6 5. Nf3 b5 6. Bd3 Bb7 7. Qe2 e6 8. f5 b4 9. Nd1 exf5 10. Bg5 Bf6 11. exf5+ Kf8 12. Bxf6 Nxf6 13. O-O Nbd7 14. Qd2 Kg7 15. Qxb4 Rb8 16. Qd2 c5 17. c3 Qb6 18. Qf4 Nd5 19. Qh4 N7f6 20. Bc4 Rbe8 21. Ng5 Re7 22. Bxd5 Bxd5 23. Qf2 Rf8 24. Ne3 Be4 25. Nxe4 Rxe4 26. fxg6 fxg6 27. Nd5 Qd8 28. Nxf6 Rxf6 29. Qxf6+ Qxf6 30. Rxf6 Kxf6 31. dxc5 dxc5 32. Kf2 Re6 33. Rd1 Rb6 34. b3 a5 35. Rd5 a4 36. Rxc5 axb3 37. axb3 Rxb3 38. Rc7 Ke5 39. Kg3 Kf5 40. Kf3 h5 41. Rc5+ Ke6 42. Kf4 Kd6 43. Rg5 Rxc3 44. Rxg6+ Ke7 45. Rg5 h4 46. Kg4 Kf6 47. Kxh4 Rc4+ 48. Rg4 Rc8 49. Kg3 Kf5 50. Rf4+ Kg5 51. h4+ Kh5 52. Kh3 Rc3+ 53. g3 Ra3 54. Rf5+ Kg6 55. Rg5+ Kh6 56. Rb5 Rc3 1-0

[Event "58th Akiba Rubinstein D 2022"]
[Site "Polanica-Zdroj"]
[Date "2022.08.19"]
[Round "7.7"]
[White "Penza, Denis"]
[Black "Klisowski, Bartosz"]
[Result "1/2-1/2"]
[ECO "B24"]
[WhiteElo "1836"]
[BlackElo "1595"]
[Annotator "NA RC"]
[PlyCount "42"]
[EventDate "2022.08.13"]
[EventCountry "POL"]
[SourceTitle "playchess.com"]
[Source "ChessBase"]
[SourceQuality "1"]
[TimeControl "40/5400+30:1800+30"]

1. e4 c5 2. Nc3 Nc6 3. Bb5 Nd4 4. Bc4 g6 5. Nf3 Bg7 6. Nxd4 cxd4 7. Qf3 e6 8. Nb5 Be5 9. Qa3 d5 10. exd5 exd5 11. Be2 Ne7 12. c3 dxc3 13. dxc3 O-O 14. Bg5 f6 15. Bd2 Bd7 16. O-O Nf5 17. Qb3 Bc6 18. Bg4 Ng7 19. Nd4 f5 20. Bf3 Bxd4 $11 21. cxd4 Ne6 1/2-1/2

[Event "58th Akiba Rubinstein D 2022"]
[Site "Polanica-Zdroj"]
[Date "2022.08.19"]
[Round "7.8"]
[White "Liskiewicz, Jakub"]
[Black "Butkiewicz, Jan"]
[Result "1-0"]
[ECO "D53"]
[WhiteElo "1910"]
[BlackElo "1613"]
[Annotator "NA RC"]
[PlyCount "89"]
[EventDate "2022.08.13"]
[EventCountry "POL"]
[SourceTitle "playchess.com"]
[Source "ChessBase"]
[SourceQuality "1"]
[TimeControl "40/5400+30:1800+30"]

1. d4 Nf6 2. c4 e6 3. Nc3 d5 4. Bg5 Be7 5. e3 O-O 6. cxd5 exd5 7. Bd3 h6 8. Bf4 Bd6 {[%emt 0:08:08] 8...c5 is setting a new trend.} 9. Nge2 Bxf4 10. Nxf4 c6 11. Qc2 {[%emt 0:04:04] [#]} a5 $146 ({Predecessor:} 11... Re8 12. O-O Qd6 13. a3 Nbd7 14. Rad1 a6 15. Bf5 Nf8 16. Rfe1 Bxf5 17. Qxf5 g6 {1-0 (43) Tisaj,D (2232)-Pultinevicius,P (2477) Chess.com INT 2019}) 12. O-O b5 13. a4 b4 14. Nb1 Qb6 15. Nd2 Ba6 16. Rac1 Bxd3 17. Nxd3 Rc8 18. Nb3 Nfd7 (18... Rc7 $14 {should be considered.}) 19. Ndc5 (19. f3 $16) 19... Nxc5 20. Nxc5 Na6 21. Qf5 $14 Nxc5 22. Rxc5 b3 (22... Re8 $14) 23. Qd3 Qa6 24. Qxb3 Rab8 25. Qc2 Qb6 26. Rc1 Qxb2 27. Qxb2 Rxb2 28. Rxa5 Rcb8 29. Rac5 Ra2 30. Rxc6 Rxa4 31. Rd6 Rc4 32. Rf1 Rb5 33. Rd8+ Kh7 34. g4 Rc2 35. Kg2 g5 36. Kg3 Kg6 37. Re8 Rc6 38. Ra1 Rc2 39. Re5 Rc6 40. Ra8 Rf6 41. Rg8+ Kh7 42. Ree8 Rg6 43. Rh8+ Kg7 44. Reg8+ Kf6 45. Rd8 1-0

[Event "58th Akiba Rubinstein D 2022"]
[Site "Polanica-Zdroj"]
[Date "2022.08.19"]
[Round "7.9"]
[White "Wilgosz, Szczepan"]
[Black "Markiewicz, Czeslaw"]
[Result "1/2-1/2"]
[ECO "C99"]
[WhiteElo "1530"]
[BlackElo "1750"]
[Annotator "NA RC"]
[PlyCount "67"]
[EventDate "2022.08.13"]
[EventCountry "POL"]
[SourceTitle "playchess.com"]
[Source "ChessBase"]
[SourceQuality "1"]
[TimeControl "40/5400+30:1800+30"]

1. e4 e5 2. Nf3 Nc6 3. Bb5 a6 4. Ba4 Nf6 5. O-O Be7 6. Re1 b5 7. Bb3 d6 8. c3 O-O 9. h3 Na5 10. Bc2 c5 11. d4 Qc7 12. Nbd2 cxd4 13. cxd4 Bd7 14. Nf1 Rfc8 15. Bd3 Nc6 16. dxe5 dxe5 17. a3 b4 18. Bg5 h6 19. Bxf6 Bxf6 20. Ne3 bxa3 21. Nd5 Qd8 22. Rxa3 a5 23. Bb5 Be6 24. Rd3 Bxd5 25. Rxd5 Qb6 26. Bxc6 Rxc6 27. Qd2 Rac8 28. Qxa5 Qxb2 29. Nxe5 Bxe5 30. Rxe5 Rc1 31. Rd5 Qb1 32. Rd8+ Rxd8 33. Qxd8+ Kh7 34. Qa5 1/2-1/2

[Event "58th Akiba Rubinstein D 2022"]
[Site "Polanica-Zdroj"]
[Date "2022.08.19"]
[Round "7.10"]
[White "Pieczulis, Blazej"]
[Black "Marek, Grzegorz"]
[Result "0-1"]
[ECO "A50"]
[WhiteElo "1720"]
[BlackElo "1478"]
[Annotator "NA RC"]
[PlyCount "108"]
[EventDate "2022.08.13"]
[EventCountry "POL"]
[SourceTitle "playchess.com"]
[Source "ChessBase"]
[SourceQuality "1"]
[TimeControl "40/5400+30:1800+30"]

1. d4 Nf6 2. c4 b6 3. Nc3 Bb7 4. f3 Nc6 5. d5 Ne5 6. e4 d6 7. f4 Ng6 8. Nf3 e5 9. f5 Ne7 10. Be3 g6 11. Qc2 Bg7 12. h3 h5 13. O-O-O Qd7 14. fxg6 Nxg6 15. g3 O-O-O 16. Be2 Kb8 17. Rdf1 Rdf8 18. Bg5 Bc8 19. Nxe5 Nxe5 20. Bxf6 Bxf6 21. Rxf6 Rfg8 22. Rf5 Qe7 23. Rf2 Rxg3 24. h4 Bg4 25. Nb5 Bxe2 26. Qxe2 Nd3+ 27. Kd2 Nxf2 28. Qxf2 Rhg8 29. Qf5 Rg2+ 30. Kc1 Qe5 31. Qxe5 dxe5 32. d6 Rg1+ 33. Rxg1 Rxg1+ 34. Kd2 cxd6 35. Nxd6 Rg4 36. Nxf7 Rxe4 37. Kd3 Rd4+ 38. Kc3 Rxh4 39. Nxe5 Rh1 40. Kd4 h4 41. Ng4 h3 42. Nf2 Rb1 43. Nxh3 Rxb2 44. a4 Ra2 45. Nf4 Rxa4 46. Kc3 b5 47. Nd3 Rxc4+ 48. Kb3 Rh4 49. Nc5 a5 50. Ne6 Rh3+ 51. Kb2 Kb7 52. Nc5+ Kc6 53. Ne4 Kd5 54. Nc3+ Rxc3 0-1

[Event "58th Akiba Rubinstein D 2022"]
[Site "Polanica-Zdroj"]
[Date "2022.08.19"]
[Round "7.12"]
[White "Stepinski, Piotr"]
[Black "Nowicki, Bartosz"]
[Result "1-0"]
[ECO "C47"]
[WhiteElo "1568"]
[BlackElo "2291"]
[Annotator "TA"]
[PlyCount "175"]
[EventDate "2022.08.13"]
[EventCountry "POL"]
[SourceTitle "playchess.com"]
[Source "ChessBase"]
[SourceQuality "1"]
[TimeControl "40/5400+30:1800+30"]

1. e4 e5 2. Nf3 Nc6 3. Nc3 Nf6 4. a3 d6 5. d4 exd4 6. Nxd4 {[%emt 0:00:01] C47: Scotch Four Knights and Four Knights with 4 g3.} Bd7 7. Be2 g6 {[%emt 0:02:53] [#]} (7... Be7 $11) 8. Bg5 $146 (8. Be3 $16) ({Predecessor:} 8. Be3 Bg7 9. Qd2 Ng4 10. Nxc6 bxc6 11. Bd4 Bxd4 12. Qxd4 Qf6 13. O-O-O Qxd4 14. Rxd4 Nxf2 {1-0 (60) Schuh,D (2247)-Budzyn,M (2126) Werther 2007}) 8... h6 (8... Bg7 $1 $11 {remains equal.}) 9. Bh4 ({White should try} 9. Bxf6 $16 Qxf6 10. Ndb5) 9... g5 $11 10. Bg3 Bg7 11. Nb3 Qe7 12. f3 O-O-O 13. Qd2 Be6 (13... Nh5 $11 {deserves consideration.}) 14. Nd5 $14 Qf8 15. O-O-O {[%emt 0:01:57] Bb5 is the strong threat.} Nd7 {[%emt 0:06:04] [#]} (15... Nh5 $16 {was called for.}) 16. Nxc7 $1 $18 Nc5 17. Nxc5 Kxc7 (17... dxc5 $142 18. Qe1 (18. Nd5 f5 $16) 18... Be5) 18. Nxe6+ fxe6 19. Bc4 Qe7 20. Kb1 Ne5 21. Bb3 Kb8 22. c3 h5 23. Bf2 Nc6 24. Be3 {[%emt 0:00:36] A strong pair of Bishops.} Bf6 25. Rhe1 Rhg8 26. Qf2 Rg7 27. Ba4 Qc7 28. Bxc6 bxc6 29. Bd4 e5 30. Be3 d5 31. exd5 cxd5 32. Qc2 Qd7 33. Bf2 Ka8 34. Bg3 Qe6 35. Rd2 Re7 (35... Rb7 $16 36. Qg6 (36. Rde2 Qa6 $16) 36... e4) 36. Bf2 Rb7 37. Rde2 Re8 38. g3 (38. Bg3 $142) 38... Bg7 39. Bd4 (39. Rd1 $16) 39... Rbe7 $2 (39... Reb8 $1 $14) 40. Bxe5 Bxe5 41. f4 Qd6 42. fxe5 Rxe5 43. Rxe5 Rxe5 44. Rxe5 Qxe5 {[%emt 0:00:01][%mdl 4096] Endgame KQ-KQ} 45. Qf2 g4 46. Qd4 Qf5+ 47. Ka2 Kb7 48. Kb3 Qf7 49. Kb4 Qe7+ 50. Kb3 Qf7 $1 51. Qc5 Qf5 $2 (51... Qe6 52. Qb5+ Kc7) 52. Qe7+ Kb6 53. Qd6+ Kb7 54. a4 Qd3 55. Qe7+ Kb8 56. Qe8+ Kc7 57. Qxh5 {[%emt 0:04:13] Active counter play!} Qc4+ 58. Ka3 Qc5+ 59. Ka2 Qc4+ 60. b3 $1 Qxc3 61. Qxd5 {[%emt 0:00:46] Threatens to win with Qc4+.} Qc2+ 62. Ka3 {[%emt 0:00:20] And now Qc4+ would win.} Qxh2 63. Qc4+ Kb6 $2 (63... Kb8 64. Qf4+ Kb7 65. Qxg4 Qh1 66. Qd7+ Kb6 67. Qe6+ Kb7) 64. Qxg4 (64. a5+ $142 Kb7 65. a6+ Kb6 66. Qe6+ Kc5 67. Qe7+ Kc6 68. Qxa7) 64... Qh1 65. Qd4+ Kb7 66. Qc3 {[%emt 0:00:57] Inhibits Qc1+.} Qg1 67. g4 $2 ({Better is} 67. Qf3+ $18 Kb6 68. Qf4) 67... Qxg4 $11 68. Qb4+ Qxb4+ 69. Kxb4 {[%emt 0:00:01] KPP-KP} Kb6 $1 70. Kc4 Kc6 $1 71. b4 a6 72. Kb3 Kb7 73. Kc3 Kc7 74. Kd3 Kd7 75. Ke3 Kc7 76. Ke4 Kc6 77. Ke5 {[%emt 0:00:16] White wants to mate with Ke6.} Kc7 78. Kd5 Kb6 $2 {[%emt 0:01:27][%mdl 8192] [#]} (78... Kd7 $11 79. Kc5 Kc7 80. a5 Kb7 81. Kd6 Ka8 82. Kc6 Ka7 83. Kc7 Ka8) 79. Kd6 $1 Kb7 {[%emt 0:00:31] [#]} 80. a5 $2 (80. Kd7 $1 {mates} Kb6 81. Kd6 Kb7 82. a5 Ka8 83. Kc6 Ka7 84. Kc7 Ka8 85. Kb6) 80... Ka7 $2 (80... Kc8 $11 81. Kc6 Kd8 82. Kb7 Ke7 83. Kxa6 Ke8 84. b5 Kd8 85. b6 Kc8) 81. Kc6 {[%emt 0:00:07] White mates.} Kb8 82. Kb6 Ka8 83. Kxa6 Kb8 84. Kb6 Ka8 85. Kc7 Ka7 86. b5 Ka8 87. a6 Ka7 88. b6+ {[%emt 0:00:04] Weighted Error Value: White=0.24 (precise) /Black=0.34} 1-0

[Event "58th Akiba Rubinstein D 2022"]
[Site "Polanica-Zdroj"]
[Date "2022.08.19"]
[Round "7.13"]
[White "Soszka, Szymon"]
[Black "Bialik, Nikodem"]
[Result "1/2-1/2"]
[ECO "A57"]
[WhiteElo "1355"]
[BlackElo "1638"]
[Annotator "NA RC"]
[PlyCount "132"]
[EventDate "2022.08.13"]
[EventCountry "POL"]
[SourceTitle "playchess.com"]
[Source "ChessBase"]
[SourceQuality "1"]
[TimeControl "40/5400+30:1800+30"]

1. d4 Nf6 2. c4 c5 3. d5 b5 4. cxb5 a6 5. e3 g6 6. Nc3 d6 7. Nf3 Bg7 8. Be2 O-O 9. O-O axb5 10. Bxb5 Ba6 11. a4 Bxb5 12. Nxb5 Qb6 13. Re1 Nbd7 14. e4 Ne8 15. Qe2 Nc7 16. Be3 Nxb5 17. axb5 Rxa1 18. Rxa1 Rb8 19. Bd2 h5 20. Bc3 Bxc3 21. bxc3 Qxb5 22. Qxb5 Rxb5 23. Kf1 Nf6 24. Nd2 Rb2 25. Ke1 Ng4 26. Rd1 Rc2 27. h3 Ne5 28. Nb1 c4 29. Rd2 Nd3+ 30. Ke2 Rc1 31. Na3 Rxc3 32. Nc2 Nc1+ 33. Kf1 Nb3 34. Re2 Kg7 35. f4 Rd3 36. Nb4 Rd1+ 37. Kf2 Nd4 38. Re1 Rd2+ 39. Ke3 Nb3 40. Re2 Rxe2+ 41. Kxe2 Kf6 42. g4 hxg4 43. hxg4 g5 44. Ke3 gxf4+ 45. Kxf4 c3 46. Nc2 Nd2 47. g5+ Kg6 48. e5 dxe5+ 49. Kxe5 Kxg5 50. Kd4 Nb1 51. Ke5 Kg4 52. d6 exd6+ 53. Kxd6 Kf4 54. Kd5 f5 55. Kd4 Kf3 56. Kd3 f4 57. Nd4+ Kf2 58. Kc2 Ke3 59. Nf5+ Ke4 60. Nh4 Na3+ 61. Kxc3 Nb5+ 62. Kd2 Nd4 63. Kd1 Ne6 64. Ke2 Ng5 65. Kf2 Kd3 66. Ng6 Kd4 1/2-1/2

[Event "58th Akiba Rubinstein D 2022"]
[Site "Polanica-Zdroj"]
[Date "2022.08.19"]
[Round "7.14"]
[White "Owoc, Jakub"]
[Black "Skrzypinski, Jan"]
[Result "0-1"]
[ECO "B22"]
[WhiteElo "1756"]
[BlackElo "1517"]
[Annotator "NA RC"]
[PlyCount "84"]
[EventDate "2022.08.13"]
[EventCountry "POL"]
[SourceTitle "playchess.com"]
[Source "ChessBase"]
[SourceQuality "1"]
[TimeControl "40/5400+30:1800+30"]

1. e4 c5 2. c3 d5 3. exd5 Qxd5 4. d4 Nf6 5. Nf3 Bg4 6. Be2 e6 7. Be3 cxd4 8. cxd4 Bb4+ 9. Nc3 O-O 10. O-O Qa5 11. Qb3 Nc6 12. a3 Bxc3 13. bxc3 Qc7 14. Rac1 Rfc8 15. h3 Bh5 16. Bg5 Ne4 17. Bh4 Bxf3 18. Bxf3 Nd2 19. Qb5 Nxf1 20. Rxf1 a6 21. Qg5 Qa5 22. Qg4 Qf5 23. Qxf5 exf5 24. Bg3 Na5 25. Rc1 Ra7 26. d5 b5 27. d6 Rd7 28. Re1 Kf8 29. Bh4 f6 30. Bg3 Rxc3 31. Bd5 Rxg3 32. fxg3 Rxd6 33. Be6 g6 34. Re3 Nc6 35. h4 Ne5 36. Bb3 Ng4 37. Rc3 a5 38. Rc5 a4 39. Bc2 Rd2 40. h5 Ne3 41. Rc8+ Kg7 42. Rc7+ Kh6 0-1

[Event "58th Akiba Rubinstein D 2022"]
[Site "Polanica-Zdroj"]
[Date "2022.08.19"]
[Round "7.15"]
[White "Kopestynski, Michal"]
[Black "Sola, Wojciech"]
[Result "1/2-1/2"]
[ECO "B27"]
[WhiteElo "1554"]
[BlackElo "1780"]
[Annotator "NA RC"]
[PlyCount "35"]
[EventDate "2022.08.13"]
[EventCountry "POL"]
[SourceTitle "playchess.com"]
[Source "ChessBase"]
[SourceQuality "1"]
[TimeControl "40/5400+30:1800+30"]

1. e4 c5 2. Nf3 g6 3. d4 cxd4 4. Qxd4 Nf6 5. Nc3 Nc6 6. Qa4 d6 7. e5 Ng4 8. Bb5 Bg7 9. exd6 Qxd6 10. O-O O-O 11. h3 Nge5 12. Nxe5 Nxe5 13. Bf4 a6 14. Be2 Bd7 15. Qe4 Bc6 16. Qe3 Rad8 17. Rad1 Qe6 18. Rfe1 1/2-1/2

[Event "58th Akiba Rubinstein D 2022"]
[Site "Polanica-Zdroj"]
[Date "2022.08.19"]
[Round "7.16"]
[White "Szczepanski, Krzysztof"]
[Black "Wilgosz, Tomasz"]
[Result "0-1"]
[ECO "A06"]
[WhiteElo "1790"]
[BlackElo "1513"]
[Annotator "NA RC"]
[PlyCount "109"]
[EventDate "2022.08.13"]
[EventCountry "POL"]
[SourceTitle "playchess.com"]
[Source "ChessBase"]
[SourceQuality "1"]
[TimeControl "40/5400+30:1800+30"]

1. Nf3 d5 2. d4 e6 3. c4 c5 4. cxd5 exd5 5. dxc5 Bxc5 6. e3 Nf6 7. Bb5+ Nc6 8. Nc3 O-O 9. O-O a6 10. Be2 Bf5 11. a3 Re8 12. b4 Bb6 13. Na4 Be4 14. Bb2 Bxf3 15. Bxf3 Ne5 16. Nxb6 Qxb6 17. Bd4 Qe6 18. h3 Nxf3+ 19. Qxf3 Ne4 20. Rfd1 Rac8 21. Ra2 Rc7 22. Qg4 f5 23. Qf4 Rc4 24. Qf3 Rec8 25. Rb2 Rc2 26. Rxc2 Rxc2 27. Rf1 Qc8 28. Qf4 Nd2 29. Qe5 Qd7 30. Rd1 Nc4 31. Qb8+ Kf7 32. a4 Nb2 33. Bxb2 Rxb2 34. Rd4 Rb1+ 35. Kh2 b5 36. axb5 axb5 37. Qe5 Qe6 38. Qc7+ Kg6 39. g4 Rb2 40. gxf5+ Qxf5 41. Rg4+ Kh5 42. Qxg7 Qxf2+ 43. Rg2 Qxg2+ 44. Qxg2 Rxg2+ 45. Kxg2 Kg5 46. Kg3 Kf5 47. Kf3 h6 48. Ke2 Ke4 49. h4 d4 50. exd4 Kxd4 51. h5 Kc4 52. Kf3 Kxb4 53. Kf4 Kc4 54. Kf5 b4 55. Kg6 0-1

[Event "58th Akiba Rubinstein D 2022"]
[Site "Polanica-Zdroj"]
[Date "2022.08.19"]
[Round "7.17"]
[White "Ursnik, Patryk"]
[Black "Sleczka, Krzysztof"]
[Result "1/2-1/2"]
[ECO "C47"]
[WhiteElo "1671"]
[BlackElo "1443"]
[Annotator "NA RC"]
[PlyCount "31"]
[EventDate "2022.08.13"]
[EventCountry "POL"]
[SourceTitle "playchess.com"]
[Source "ChessBase"]
[SourceQuality "1"]
[TimeControl "40/5400+30:1800+30"]

1. e4 e5 2. Nf3 Nc6 3. Nc3 Nf6 4. d4 exd4 5. Nxd4 Bb4 6. Nxc6 bxc6 7. Bd3 d5 8. exd5 O-O 9. O-O cxd5 10. h3 h6 11. Qf3 c6 12. Bf4 Bd6 13. Rfe1 Rb8 14. Rab1 Ra8 15. Ra1 Rb8 16. Rab1 1/2-1/2

[Event "58th Akiba Rubinstein D 2022"]
[Site "Polanica-Zdroj"]
[Date "2022.08.19"]
[Round "7.18"]
[White "Grzebieniowski, Michal"]
[Black "Durzynski, Jan"]
[Result "1-0"]
[ECO "D35"]
[WhiteElo "1710"]
[BlackElo "1406"]
[Annotator "NA RC"]
[PlyCount "73"]
[EventDate "2022.08.13"]
[EventCountry "POL"]
[SourceTitle "playchess.com"]
[Source "ChessBase"]
[SourceQuality "1"]
[TimeControl "40/5400+30:1800+30"]

1. d4 d5 2. c4 e6 3. Nc3 Nf6 4. cxd5 exd5 5. Bg5 Be7 6. Qc2 O-O 7. e3 h6 8. Bh4 Be6 9. Bd3 c6 10. Nge2 Nbd7 11. O-O c5 12. dxc5 Nxc5 13. Rfd1 Rc8 14. Rac1 Nfe4 15. Bxe7 Qxe7 16. Nf4 Nxc3 17. Qxc3 Nxd3 18. Qxd3 Rxc1 19. Rxc1 Qd7 20. h3 Rc8 21. Rd1 Rd8 22. Qd4 b6 23. e4 Rc8 24. exd5 Bf5 25. d6 Rc6 26. Nh5 f6 27. Nf4 Kh8 28. g4 Bc2 29. Rd2 Bh7 30. Qd5 Rc8 31. Rd1 Rd8 32. b4 f5 33. Ne6 Re8 34. gxf5 Bxf5 35. Qxf5 Rxe6 36. Qxe6 Qxe6 37. d7 1-0

[Event "58th Akiba Rubinstein D 2022"]
[Site "Polanica-Zdroj"]
[Date "2022.08.19"]
[Round "7.20"]
[White "Milczarek, Robert"]
[Black "Suszczynski, Dominik"]
[Result "*"]
[ECO "D53"]
[WhiteElo "1653"]
[BlackElo "1329"]
[Annotator "NA RC"]
[PlyCount "61"]
[EventDate "2022.08.13"]
[EventCountry "POL"]
[SourceTitle "playchess.com"]
[Source "ChessBase"]
[SourceQuality "1"]
[TimeControl "40/5400+30:1800+30"]

1. d4 Nf6 2. c4 e6 3. Nc3 d5 4. Bg5 Be7 5. cxd5 Nxd5 6. Bxe7 Qxe7 7. e4 Nxc3 8. bxc3 O-O 9. Nf3 c5 10. Bd3 Nc6 11. O-O Rd8 12. d5 exd5 13. exd5 Ne5 14. Nxe5 Qxe5 15. c4 g6 16. Qf3 b5 17. Rfe1 Qd4 18. Rac1 Bg4 19. Qg3 Re8 20. h3 Bd7 21. cxb5 Qxd5 22. Rxe8+ Rxe8 23. Bc4 Qd2 24. Rf1 Qd4 25. Rc1 Qd2 26. Rf1 Qd4 27. Qb3 Qd5 28. Qg3 Qd4 29. Qb3 Be6 30. Bxe6 Rxe6 31. Rd1 *

[Event "58th Akiba Rubinstein D 2022"]
[Site "Polanica-Zdroj"]
[Date "2022.08.19"]
[Round "7.21"]
[White "Krygiel, Konrad"]
[Black "Rychlik, Michal"]
[Result "*"]
[ECO "C29"]
[WhiteElo "1603"]
[BlackElo "1354"]
[Annotator "NA RC"]
[PlyCount "55"]
[EventDate "2022.08.13"]
[EventCountry "POL"]
[SourceTitle "playchess.com"]
[Source "ChessBase"]
[SourceQuality "1"]
[TimeControl "40/5400+30:1800+30"]

1. e4 e5 2. Nc3 Nf6 3. f4 d5 4. fxe5 Nxe4 5. Qf3 Nc6 6. Bb5 Nxc3 7. dxc3 Qh4+ 8. g3 Qe4+ 9. Be3 Bf5 10. Bd3 Qxf3 11. Nxf3 Be4 12. Bxe4 dxe4 13. Ng5 Nxe5 14. O-O-O Nc4 15. Bf4 Bd6 16. Rd4 Bxf4+ 17. gxf4 Nd6 18. Nxe4 Nf5 19. Rc4 O-O-O 20. Ng5 Rd7 21. Re1 Rhd8 22. Rh1 Rh8 23. Re1 Rhd8 24. Rh1 Rh8 25. Re1 Rhd8 26. Rce4 Rh8 27. Rc4 Rhd8 28. Rce4 *

[Event "58th Akiba Rubinstein D 2022"]
[Site "Polanica-Zdroj"]
[Date "2022.08.19"]
[Round "7.22"]
[White "Misiek, Stanislaw"]
[Black "Garwacki, Kornel"]
[Result "1-0"]
[ECO "E81"]
[WhiteElo "1427"]
[BlackElo "1571"]
[Annotator "NA RC"]
[PlyCount "57"]
[EventDate "2022.08.13"]
[EventCountry "POL"]
[SourceTitle "playchess.com"]
[Source "ChessBase"]
[SourceQuality "1"]
[TimeControl "40/5400+30:1800+30"]

1. d4 Nf6 2. c4 d6 3. Nc3 g6 4. e4 Bg7 5. f3 O-O 6. Nge2 Nc6 7. Be3 e5 8. d5 Ne7 9. Qd2 Nd7 10. g4 f5 11. gxf5 gxf5 12. h4 f4 13. Bf2 Nb6 14. Nc1 Bd7 15. b3 Kh8 16. Nd3 c5 17. O-O-O a6 18. h5 Nbc8 19. Bh3 b5 20. Rdg1 Bf6 21. Bxd7 Qxd7 22. Bh4 bxc4 23. Qg2 Nxd5 24. Nxd5 Bxh4 25. Rxh4 cxd3 26. Rg4 Qd8 27. Rg7 d2+ 28. Kd1 Qe8 29. Rxh7+ 1-0

[Event "58th Akiba Rubinstein D 2022"]
[Site "Polanica-Zdroj"]
[Date "2022.08.19"]
[Round "7.24"]
[White "Latacz, Grzegorz"]
[Black "Para, Tomasz"]
[Result "1/2-1/2"]
[ECO "D32"]
[WhiteElo "1449"]
[BlackElo "1796"]
[Annotator "NA RC"]
[PlyCount "22"]
[EventDate "2022.08.13"]
[EventCountry "POL"]
[SourceTitle "playchess.com"]
[Source "ChessBase"]
[SourceQuality "1"]
[TimeControl "40/5400+30:1800+30"]

1. c4 e6 2. d4 d5 3. Nc3 c5 4. dxc5 d4 5. Nb5 Nc6 6. Nf3 Bxc5 7. g3 a6 8. Na3 e5 9. Bg2 Nf6 10. Bf1 Ng8 11. Bg2 Nf6 1/2-1/2

[Event "58th Akiba Rubinstein D 2022"]
[Site "Polanica-Zdroj"]
[Date "2022.08.19"]
[Round "7.25"]
[White "Pieczulis, Hubert"]
[Black "Huchwajda, Katarzyna"]
[Result "0-1"]
[ECO "D43"]
[WhiteElo "1472"]
[BlackElo "1768"]
[Annotator "NA RC"]
[PlyCount "44"]
[EventDate "2022.08.13"]
[EventCountry "POL"]
[SourceTitle "playchess.com"]
[Source "ChessBase"]
[SourceQuality "1"]
[TimeControl "40/5400+30:1800+30"]

1. d4 d5 2. Nf3 e6 3. c4 Nf6 4. Nc3 c6 5. Bg5 h6 6. Bf4 Bb4 7. Qc2 O-O 8. e3 Nbd7 9. Be2 dxc4 10. O-O b5 11. a4 Qb6 12. e4 Bb7 13. Be3 Ng4 14. e5 Nxe3 15. fxe3 a6 16. Kh1 Qc7 17. Qe4 Nb6 18. Na2 a5 19. Rac1 c5 20. Qb1 Nxa4 21. Nxb4 axb4 22. b3 Nc3 0-1

[Event "58th Akiba Rubinstein D 2022"]
[Site "Polanica-Zdroj"]
[Date "2022.08.19"]
[Round "7.27"]
[White "Wziatek, Marek"]
[Black "Dysko, Michal"]
[Result "1/2-1/2"]
[ECO "A34"]
[WhiteElo "1617"]
[BlackElo "1376"]
[Annotator "NA RC"]
[PlyCount "57"]
[EventDate "2022.08.13"]
[EventCountry "POL"]
[SourceTitle "playchess.com"]
[Source "ChessBase"]
[SourceQuality "1"]
[TimeControl "40/5400+30:1800+30"]

1. c4 Nf6 2. Nc3 c5 3. g3 d5 4. cxd5 Nxd5 5. Bg2 Nc7 6. Nf3 Nc6 7. O-O e5 8. d3 Be7 9. Be3 O-O 10. Nd2 Nd4 11. Rc1 Rb8 12. f4 exf4 13. Bxf4 Bd6 14. Bxd6 Qxd6 15. Nce4 Qe7 16. e3 Nde6 17. Re1 b6 18. Qc2 Bb7 19. Nf2 Bxg2 20. Kxg2 Rfd8 21. Nf3 Nd5 22. a3 Ng5 23. Qe2 Qf6 24. Nxg5 Qxg5 25. Qf3 Re8 26. e4 Ne7 27. Qf4 Nd5 28. Qf3 Ne7 29. Qf4 1/2-1/2